 Dungeon Crawl Stone Soup version 0.17.0-28-g6e173f8 (webtiles) character file.

56 septik the Sneak (level 3, 0/16 HPs)
             Began as a Spriggan Enchanter on Nov 29, 2015.
             Succumbed to an adder's poison
             ... on level 2 of the Dungeon.
             The game lasted 00:02:45 (1779 turns).

septik the Sneak (Spriggan Enchanter)               Turns: 1779, Time: 00:02:45

Health: 0/16       AC:  3    Str:  4    XL:     3   Next: 71%
Magic:  7/8        EV: 18    Int: 16    God:
Gold:   27         SH:  0    Dex: 17    Spells: 3 memorised, 1 level left

rFire  . . .     SeeInvis +     a - +1 dagger
rCold  . . .     Clarity  .     b - +1 robe
rNeg   . . .     SustAt   .     (shield restricted)
rPois  .         Gourm    .     (helmet restricted)
rElec  .         Spirit   .     (no cloak)
rCorr  .         Warding  .     (gloves unavailable)
rMut   .         Stasis   .     (boots unavailable)
MR     .....                    (no amulet)
Stlth  ++++......               (no ring)
                                (no ring)

@: lethally poisoned (0 -> -7), very quick, not resistant to hostile
enchantments, stealthy
A: unfitting armour, see invisible, herbivore 3, speed 3, slow metabolism 2
a: no special abilities


You were on level 2 of the Dungeon.
You were not hungry.

You visited 1 branch of the dungeon, and saw 2 of its levels.

You collected 27 gold pieces.

Inventory:

Hand Weapons
 a - a +1 dagger (weapon)
Missiles
 g - 54 stones (quivered)
Armour
 b - a +1 robe (worn)
Scrolls
 e - a scroll of remove curse {unknown}
 h - 2 scrolls of teleportation {unknown}
 i - 4 scrolls of amnesia {unknown}
 j - 2 scrolls of identify {unknown}
 k - a scroll of blinking {unknown}
 l - a scroll of fear {unknown}
 m - a scroll of recharging {unknown}
 n - a scroll of enchant armour {unknown}
Potions
 f - a potion of might {unknown}
Books
 c - a book of Maledictions

   Spells                             Type                      Level
   a - Corona                         Hexes                        1
   b - Ensorcelled Hibernation        Hexes/Ice                    2
   c - Confuse                        Hexes                        3
   d - Tukima's Dance                 Hexes                        3
   e - Dazzling Spray                 Conjuration/Hexes            3
Comestibles
 d - 2 bread rations


   Skills:
 + Level 3.0 Short Blades
 - Level 3.0 Dodging
 + Level 5.8 Stealth
 - Level 2.6 Spellcasting
 - Level 3.6 Hexes


You had one spell level left.
You knew the following spells:

 Your Spells              Type           Power        Failure   Level  Hunger
a - Corona                Hex            ##.....      6%          1    #......
b - Ensorcelled Hibernat  Hex/Ice        #.....       17%         2    ##.....
c - Tukima's Dance        Hex            ##......     14%         3    ###....


Dungeon Overview and Level Annotations

Branches:
Dungeon (2/15)

Altars:


Innate Abilities, Weirdness & Mutations

You are tiny and cannot use many weapons and most armour.
You have supernaturally acute eyesight.
You are a herbivore.
You cover ground extremely quickly.
You need consume almost no food.


Message History

You perforate the ooze like a sieve!!!
You kill the ooze!
Your Short Blades skill increases to level 3!
The adder bites you.
You are lethally poisoned!
The adder poisons you!
You feel sick.
You feel sick.
You feel sick.
* * * LOW HITPOINT WARNING * * *
You feel sick.
* * * LOW HITPOINT WARNING * * *
You feel sick.
* * * LOW HITPOINT WARNING * * *
You feel sick.
* * * LOW HITPOINT WARNING * * *
You feel sick.
* * * LOW HITPOINT WARNING * * *
You feel sick.
You die...

.....................###.........
...##############................
..## #....############ ...#####
#....# ## .#S.S..# ##.### ##.
.#####.#### ###.# ##.. S#
#....######...# #... .##
####S.......### #...
..##############@.## #...
........# ##....## #... ........#
#..##..# #####..[ ........#
#.####.# ###.J.r... ........#
###.####.####...####..
...>....####............S### ##.
.............#÷######....†# ##
........######.# #####...#
........# #.# ##..#


You could see an adder.

Vanquished Creatures
  2 adders (D:2)
  An ooze (D:2)
  A giant gecko (D:1)
  6 hobgoblins (D:1)
  2 kobolds
  A ball python (D:2)
  4 bats
  2 giant cockroaches (D:1)
  3 giant newts
  6 goblins (D:1)
  6 rats
34 creatures vanquished.

Notes
Turn   | Place    | Note
--------------------------------------------------------------
     0 | D:1      | septik the Spriggan Enchanter began the quest for the Orb.
     0 | D:1      | Reached XP level 1. HP: 9/9 MP: 5/5
   163 | D:1      | Reached XP level 2. HP: 7/13 MP: 6/6
   483 | D:1      | Reached skill level 5 in Stealth
   985 | D:2      | Reached XP level 3. HP: 16/16 MP: 8/8
  1735 | D:2      | Learned a level 2 spell: Ensorcelled Hibernation
  1739 | D:2      | Learned a level 3 spell: Tukima's Dance
  1779 | D:2      | Succumbed to an adder's poison

Action                   || total
-------------------------++-------
Melee: Dagger            ||   120
 Cast: Corona            ||     2
       Ensorcelled Hiber ||     1
 Stab: Sleeping          ||    12
       Distracted        ||     1
